 Dungeon Crawl Stone Soup version 0.27-a0-899-ge2d0b17 (webtiles) character file.

Game seed: 740905273058904909

67 Nithhogg the Skirmisher (level 3, -2/29 HPs)
             Began as a Demonspawn Fighter on Apr 5, 2021.
             Slain by a kobold
             ... wielding a +0 short sword
              (3 damage)
             ... on level 2 of the Dungeon.
             The game lasted 00:02:44 (1054 turns).

Nithhogg the Skirmisher (Demonspawn Fighter)        Turns: 1054, Time: 00:02:45

Health: -2/29      AC:  6    Str: 17    XL:     3   Next: 98%
Magic:  3/3        EV:  9    Int:  9    God:
Gold:   22         SH:  5    Dex: 12    Spells: 2/2 levels left

rFire    . . .     SeeInvis .   a - +0 long sword
rCold    . . .     Faith    .   (no shield)
rNeg     . . .     Spirit   .   b - +0 scale mail
rPois    .         Reflect  +   (no helmet)
rElec    .         Harm     .   (no cloak)
rCorr    .         Rampage  .   (no gloves)
Will     .....                  (no boots)
Stlth    ..........             e - amulet of reflection
HPRegen  0.09/turn              (no ring)
MPRegen  0.16/turn              (no ring)

@: no status effects
A: magic regeneration
a: no special abilities


You were on level 2 of the Dungeon.
You visited 1 branch of the dungeon, and saw 2 of its levels.

You collected 22 gold pieces.

Inventory:

Hand Weapons
 a - a +0 long sword (weapon)
Missiles
 j - a throwing net (quivered)
Armour
 b - a +0 scale mail (worn)
 c - a +0 kite shield
Jewellery
 e - an amulet of reflection (around neck)
 i - a ring of flight
Scrolls
 f - a scroll of enchant weapon {unknown}
 g - a scroll of fear {unknown}
 h - a scroll of identify {unknown}
 k - a scroll of vulnerability {unknown}
Potions
 d - a potion of might


   Skills:
 + Level 3.4 Fighting
 * Level 2.7 Long Blades
 + Level 3.1 Armour
 + Level 1.2 Dodging
 - Level 2.6 Shields


You had 2 spell levels left.
You didn't know any spells.
Your spell library contained the following spells:

 Spells                   Type           Power      Damage    Failure   Level
 Confusing Touch          Hex            0%         N/A       99%         3
 Gell's Gravitas          Tloc           0%         N/A       99%         3
 Petrify                  Tmut/Erth      0%         N/A       100%        4
 Metabolic Englaciation   Hex/Ice        0%         N/A       100%        5
 Yara's Violent Unravell  Hex/Tmut       0%         3d3       100%        5


Dungeon Overview and Level Annotations

Branches:
Dungeon (2/15)

Altars:

Shops:
D:1 (


Innate Abilities, Weirdness & Mutations

You regenerate magic rapidly.


Message History

Natasha is almost dead.
The crimson imp barely misses you. Natasha claws you.
* * * LOW HITPOINT WARNING * * *
The white imp gestures at you. The puff of frost misses you.
The puff of frost hits Natasha!
Natasha dies!
Natasha yowls pathetically as she dies!
The crimson imp disappears in a puff of smoke!
The white imp disappears in a puff of smoke!
You slash the hobgoblin!
You kill the hobgoblin!
Things that are here:
a hobgoblin corpse; the felid corpse of Natasha
Things that are here:
a +0 whip; a kobold corpse You start resting.
A dart slug comes into view.
A dart slug is nearby!
You are too injured to fight recklessly!
You are too injured to fight recklessly!
A kobold comes into view. It is wielding a +0 short sword.
The kobold shouts!
Found a scroll labelled XOIKKEBREVIU.
You hit the dart slug.
The dart slug is severely wounded.
The dart slug barely misses you.
You riposte.
You hit the dart slug.
You kill the dart slug!
A kobold is nearby!
You are too injured to fight recklessly!
You closely miss the kobold.
The kobold hits you with a +0 short sword.
* * * LOW HITPOINT WARNING * * *
You barely miss the kobold.
The kobold hits you with a +0 short sword.
* * * LOW HITPOINT WARNING * * *
You barely miss the kobold.
The kobold hits you with a +0 short sword.
* * * LOW HITPOINT WARNING * * *
The kobold hits you with a +0 short sword.
You die...

... .?.. .... .....
...## ... #.## #.@#
##K# #.# #.# .
####.###########..##
#...†).<)...........
##K########........#.
#..# #####..###
#.###K## .....


You could see a kobold.

Vanquished Creatures
  5 dart slugs
  7 ball pythons
  2 endoplasms (D:1)
  4 giant cockroaches (D:1)
  3 goblins (D:1)
  4 hobgoblins
  3 jackals (D:1)
  3 kobolds (D:2)
  3 quokkas (D:1)
  3 bats (D:1)
  A frilled lizard (D:1)
  A rat (D:1)
39 creatures vanquished.

Vanquished Creatures (others)
  Natasha (D:2)
1 creature vanquished.

Grand Total: 40 creatures vanquished

Notes
Turn   | Place    | Note
-------+----------+-------------------------------------------
     0 | D:1      | Nithhogg the Demonspawn Fighter began the quest for the
                  | Orb.
     0 | D:1      | Reached XP level 1. HP: 18/18 MP: 1/1
   126 | D:1      | Gained mutation: You regenerate magic rapidly. [demonic
                  | ancestry]
   126 | D:1      | Reached XP level 2. HP: 24/24 MP: 2/2
   329 | D:1      | Found Majiagg's Antique Weapon Boutique.
   517 | D:1      | Reached XP level 3. HP: 27/29 MP: 3/3
   727 | D:1      | Reached skill level 1 in Dodging
   956 | D:2      | Noticed Natasha
   973 | D:2      | Killed Natasha
  1054 | D:2      | HP: 1/29 [kobold/+0 short sword (4)]
  1054 | D:2      | Slain by a kobold

Illustrated notes

Levels and vault maps discovered:
D:1:      amcnicky_arrival_gap_in_the_tavern_cellar, layout_basic, serial_shops,
          nicolae_shop_waterfront, minmay_indecisive_spiral
D:2:      layout_rooms, uniq_natasha

Skill      XL: |  1  2  3 |
---------------+----------+-----
Long Blades    | 2 |  2.7
Armour         | 3 |  3.1
Dodging        | 1 |  1.2
Fighting       | |  3.4
Shields        | |  2.6

Action                   || total
-------------------------++-------
Melee: Long sword        ||   102
Armor: Scale mail        ||    51
Dodge: Dodged            ||    47
Block: Other             ||    18
       Rpst.: Long sword ||    17

Table legend: (Time is in decaauts)
 A = Elapsed time spent in this place.
 B = Non-inter-level travel time spent in this place.
 C = Inter-level travel time spent in this place.
 D = Time resting spent in this place.
 E = Time spent auto-exploring this place.
 F = Levels seen in this place.
 G = Mean time per level.
                   A        B        C        D        E       F      G
               +--------+--------+--------+--------+--------+-----+--------+
         Total |   1083 |   1078 |      5 |     69 |    740 |   2 |  541.5 |
       Dungeon |   1083 |   1078 |      5 |     69 |    740 |   2 |  541.5 |
               +--------+--------+--------+--------+--------+-----+--------+

Top non-repeatable levels by time:
     D:1: 944 daAuts
     D:2: 139 daAuts
